3L
BROOKLYN DODGERS @ HOUSTON 1837 BBC
09/17/2034
 
TOP OF THE 1ST
Brooklyn Dodgers batting - Pitching for Houston 1837 BBC : RHP Nicolas Roche
Pitching: RHP Nicolas Roche
Batting: RHB Olaf Esveld 0-0: Called Strike
0-1: Foul Ball, location: 2F
0-2: Strikes out swinging
Batting: RHB Fontana Contaldo 0-0: Swinging Strike
0-1: Foul Ball, location: 2F
0-2: Ball
1-2: Strikes out swinging
Batting: LHB Hugh Hill 0-0: Called Strike
0-1: Foul Ball, location: 2F
0-2: Strikes out swinging
Top of the 1st over - 0 runs, 0 hits, 0 errors, 0 left on base; Brooklyn 0 - Houston 0
BOTTOM OF THE 1ST
Houston 1837 BBC batting - Pitching for Brooklyn Dodgers : RHP Hiro Kurasawa
Pitching: RHP Hiro Kurasawa
Batting: LHB Kai-ge Choe 0-0: Fly out, F6 (Line Drive, 6)
Batting: RHB Joey Trifone 0-0: Ball
1-0: Reached on error, E6 (Groundball, 6S)
Batting: RHB Jon Osterman 0-0: Ball
1-0: Ball
2-0: Swinging Strike
2-1: SINGLE (Flyball, 8LS)
Joey Trifone to second
Batting: LHB Scott Kerin 0-0: Called Strike
0-1: Ball
1-1: Foul Ball, location: 2F
1-2: Ball
2-2: Fly out, F6 (Popup, 6S)
Batting: RHB Komotay Koffie 0-0: Ball
1-0: Ball
2-0: Ball
3-0: Called Strike
3-1: Called Strike
3-2: Foul Ball, location: 2F
3-2: Foul Ball, location: 2F
3-2: DOUBLE (Line Drive, 7LD)
Joey Trifone scores
Jon Osterman to third
Jon Osterman scores
Batting: LHB Mike Houston 0-0: Ball
1-0: Ball
2-0: Called Strike
2-1: Ball
3-1: DOUBLE (Line Drive, 89M)
Komotay Koffie scores
Batting: SHB Galtero Suárez 0-0: Ball
1-0: Swinging Strike
1-1: Ball
2-1: Ball
3-1: Ground out U3 (Groundball, 3)
Bottom of the 1st over - 3 runs, 3 hits, 1 error, 1 left on base; Brooklyn 0 - Houston 3
TOP OF THE 2ND
Brooklyn Dodgers batting - Pitching for Houston 1837 BBC : RHP Nicolas Roche
Batting: LHB Jérôme Masson 0-0: Foul Ball, location: 2F
0-1: Swinging Strike
0-2: Strikes out looking
Batting: SHB Peer van Lochem 0-0: Foul Ball, location: 2F
0-1: Ball
1-1: Ball
2-1: Swinging Strike
2-2: SINGLE (Groundball, 4MD)
Batting: LHB Avon Barksdale 0-0: Called Strike
0-1: Fly out, F9 (Flyball, 9LS)
Batting: LHB Frank Sharp 0-0: Foul Ball, location: 2F
0-1: Foul Ball, location: 2F
0-2: Foul Ball, location: 2F
0-2: Ball
1-2: DOUBLE (Line Drive, 3D)
Peer van Lochem to third
Runner from 3rd tries for Home, SAFE, no throw
Batting: LHB Roberto Soto 0-0: Called Strike
0-1: Ball
1-1: Ball
2-1: Foul Ball, location: 2F
2-2: Fly out, F7 (Flyball, 78S)
Top of the 2nd over - 1 run, 2 hits, 0 errors, 1 left on base; Brooklyn 1 - Houston 3
BOTTOM OF THE 2ND
Houston 1837 BBC batting - Pitching for Brooklyn Dodgers : RHP Hiro Kurasawa
Batting: RHB Juan Chávez 0-0: Foul Ball, location: 2F
0-1: Ball
1-1: Called Strike
1-2: Ball
2-2: Reached via error on a dropped throw, E3
Batting: RHB Eugene Bennett 0-0: Foul Ball, location: 2F
0-1: Ball
1-1: Foul Ball, location: 2F
1-2: Ground out 5-3 (Groundball, 5S)
Juan Chávez to second
Batting: LHB Kai-ge Choe 0-0: Ball
1-0: Swinging Strike
1-1: Ball
2-1: Ball
3-1: Ground out 4-3 (Groundball, 34)
Juan Chávez to third
Batting: RHB Joey Trifone 0-0: Foul Ball, location: 2F
0-1: Ball
1-1: Ball
2-1: Swinging Strike
2-2: Ball
3-2: Strikes out looking
Bottom of the 2nd over - 0 runs, 0 hits, 1 error, 1 left on base; Brooklyn 1 - Houston 3
TOP OF THE 3RD
Brooklyn Dodgers batting - Pitching for Houston 1837 BBC : RHP Nicolas Roche
Batting: SHB Félix Medina 0-0: Called Strike
0-1: Called Strike
0-2: Ball
1-2: Ball
2-2: Ball
3-2: Foul Ball, location: 2F
3-2: Base on Balls
Batting: RHB Olaf Esveld 0-0: SINGLE (Flyball, 78M)
Félix Medina to second
Runner from 2nd tries for 3rd, SAFE, throw made at trailing runner, OUT!
Batting: RHB Fontana Contaldo 0-0: Ball
1-0: Swinging Strike
1-1: Foul Ball, location: 2F
1-2: Ball
2-2: Foul Ball, location: 2F
2-2: Ball
3-2: Strikes out swinging
Batting: LHB Hugh Hill 0-0: Ball
1-0: Ball
2-0: Ball
3-0: Called Strike
3-1: Swinging Strike
3-2: Ground out 5-3 (Groundball, 56S)
Top of the 3rd over - 0 runs, 1 hit, 0 errors, 1 left on base; Brooklyn 1 - Houston 3
BOTTOM OF THE 3RD
Houston 1837 BBC batting - Pitching for Brooklyn Dodgers : RHP Hiro Kurasawa
Batting: RHB Jon Osterman 0-0: Called Strike
0-1: SINGLE (Line Drive, 5D)
Batting: LHB Scott Kerin 0-0: Called Strike
0-1: Ball
1-1: Ball
2-1: Foul Ball, location: 2F
2-2: Strikes out swinging
Batting: RHB Komotay Koffie 0-0: Ball
Jon Osterman is caught stealing 2nd base
1-0: Ground out 4-3 (Groundball, 4)
Bottom of the 3rd over - 0 runs, 1 hit, 0 errors, 0 left on base; Brooklyn 1 - Houston 3
TOP OF THE 4TH
Brooklyn Dodgers batting - Pitching for Houston 1837 BBC : RHP Nicolas Roche
Batting: LHB Jérôme Masson 0-0: Ball
1-0: Ball
2-0: Swinging Strike
2-1: Swinging Strike
2-2: Foul Ball, location: 2F
2-2: Foul Ball, location: 2F
2-2: Ball
3-2: Fly out, F9 (Flyball, 9D)
Batting: SHB Peer van Lochem 0-0: Swinging Strike
0-1: Ball
1-1: Ball
2-1: Fly out, F3 (Popup, 3)
Batting: LHB Avon Barksdale 0-0: Ball
1-0: Ball
2-0: Foul Ball, location: 2F
2-1: Called Strike
2-2: Ground out 4-3 (Groundball, 4MS)
Top of the 4th over - 0 runs, 0 hits, 0 errors, 0 left on base; Brooklyn 1 - Houston 3
BOTTOM OF THE 4TH
Houston 1837 BBC batting - Pitching for Brooklyn Dodgers : RHP Hiro Kurasawa
Batting: LHB Mike Houston 0-0: Called Strike
0-1: Foul Ball, location: 2F
0-2: Ball
1-2: Ball
2-2: Ball
3-2: Ground out 5-3 (Groundball, 56)
Batting: SHB Galtero Suárez 0-0: Ground out U3 (Groundball, 34)
Batting: RHB Juan Chávez 0-0: Fly out, F3 (Line Drive, 4)
Bottom of the 4th over - 0 runs, 0 hits, 0 errors, 0 left on base; Brooklyn 1 - Houston 3
TOP OF THE 5TH
Brooklyn Dodgers batting - Pitching for Houston 1837 BBC : RHP Nicolas Roche
Batting: LHB Frank Sharp 0-0: Foul Ball, location: 2F
0-1: Ground out 5-3 (Groundball, 5)
Batting: LHB Roberto Soto 0-0: Ground out 5-3 (Groundball, 56)
Batting: SHB Félix Medina 0-0: Ball
1-0: Ball
2-0: Foul Ball, location: 2F
2-1: Ball
3-1: Base on Balls
Batting: RHB Olaf Esveld 0-0: Fielders Choice at 2nd, 6-4 (Groundball, 6)
Top of the 5th over - 0 runs, 0 hits, 0 errors, 1 left on base; Brooklyn 1 - Houston 3
BOTTOM OF THE 5TH
Houston 1837 BBC batting - Pitching for Brooklyn Dodgers : RHP Hiro Kurasawa
Batting: RHB Eugene Bennett 0-0: Called Strike
0-1: Called Strike
0-2: Ground out 5-3 (Groundball, 56)
Batting: LHB Kai-ge Choe 0-0: Swinging Strike
0-1: Swinging Strike
0-2: Foul Ball, location: 2F
0-2: Ground out 4-3 (Groundball, 4)
Batting: RHB Joey Trifone 0-0: Called Strike
0-1: Ball
1-1: Ball
2-1: Fly out, F7 (Flyball, 78S)
Bottom of the 5th over - 0 runs, 0 hits, 0 errors, 0 left on base; Brooklyn 1 - Houston 3
TOP OF THE 6TH
Brooklyn Dodgers batting - Pitching for Houston 1837 BBC : RHP Nicolas Roche
Batting: RHB Fontana Contaldo 0-0: Ball
1-0: Ball
2-0: Ball
3-0: Base on Balls
Batting: LHB Hugh Hill 0-0: Ball
1-0: Foul Ball, location: 2F
1-1: Ball
2-1: Foul Ball, location: 2F
2-2: Ball
3-2: Foul Ball, location: 2F
3-2: Foul Ball, location: 2F
3-2: Fly out, F3 (Line Drive, 34)
Batting: LHB Jérôme Masson 0-0: Swinging Strike
0-1: Ball
1-1: Ball
2-1: Fly out, F7 (Flyball, 7LS)
Batting: SHB Peer van Lochem 0-0: Called Strike
0-1: Ball
1-1: Ball
2-1: Foul Ball, location: 2F
2-2: Ball
3-2: Foul Ball, location: 2F
3-2: Foul Ball, location: 2F
3-2: Fly out, F9 (Flyball, 9S)
Top of the 6th over - 0 runs, 0 hits, 0 errors, 1 left on base; Brooklyn 1 - Houston 3
BOTTOM OF THE 6TH
Houston 1837 BBC batting - Pitching for Brooklyn Dodgers : RHP Hiro Kurasawa
Batting: RHB Jon Osterman 0-0: Called Strike
0-1: Called Strike
0-2: Fly out, F9 (Flyball, 89D)
Batting: LHB Scott Kerin 0-0: Called Strike
0-1: Ball
1-1: Foul Ball, location: 2F
1-2: Foul Ball, location: 2F
1-2: Strikes out swinging
Batting: RHB Komotay Koffie 0-0: Foul Ball, location: 2F
0-1: Foul Ball, location: 2F
0-2: Strikes out looking
Bottom of the 6th over - 0 runs, 0 hits, 0 errors, 0 left on base; Brooklyn 1 - Houston 3
TOP OF THE 7TH
Brooklyn Dodgers batting - Pitching for Houston 1837 BBC : RHP Nicolas Roche
Batting: LHB Avon Barksdale 0-0: Called Strike
0-1: Called Strike
0-2: Strikes out looking
Batting: LHB Frank Sharp 0-0: Swinging Strike
0-1: Called Strike
0-2: Ball
1-2: Ball
2-2: Strikes out looking
Batting: LHB Roberto Soto 0-0: Ball
1-0: Swinging Strike
1-1: Ground out 1-3 (Groundball, P)
Top of the 7th over - 0 runs, 0 hits, 0 errors, 0 left on base; Brooklyn 1 - Houston 3
BOTTOM OF THE 7TH
Houston 1837 BBC batting - Pitching for Brooklyn Dodgers : RHP Hiro Kurasawa
Batting: LHB Mike Houston 0-0: Foul Ball, location: 2F
0-1: Ball
1-1: Ground out 6-3 (Groundball, 6)
Pitching: RHP Luis Bejarano
Batting: SHB Galtero Suárez 0-0: Foul Ball, location: 2F
0-1: Swinging Strike
0-2: Ball
1-2: Ground out U3 (Groundball, 34)
Batting: RHB Juan Chávez 0-0: Foul Ball, location: 2F
0-1: Ball
1-1: Called Strike
1-2: Strikes out swinging
Bottom of the 7th over - 0 runs, 0 hits, 0 errors, 0 left on base; Brooklyn 1 - Houston 3
TOP OF THE 8TH
Brooklyn Dodgers batting - Pitching for Houston 1837 BBC : RHP Nicolas Roche
Batting: SHB Félix Medina 0-0: Ground out 3-1 (Groundball, 34S)
Batting: RHB Olaf Esveld 0-0: Called Strike
0-1: Swinging Strike
0-2: Foul Ball, location: 2F
0-2: SINGLE (Groundball, 4MD)
Pitching: RHP José Ledezma
Batting: RHB Fontana Contaldo 0-0: Swinging Strike
0-1: Ball
1-1: Foul Ball, location: 2F
1-2: Foul Ball, location: 2F
1-2: Strikes out swinging
Batting: LHB Hugh Hill 0-0: Foul Ball, location: 2F
0-1: Ball
1-1: Ground out 4-3 (Groundball, 4)
Top of the 8th over - 0 runs, 1 hit, 0 errors, 1 left on base; Brooklyn 1 - Houston 3
BOTTOM OF THE 8TH
Houston 1837 BBC batting - Pitching for Brooklyn Dodgers : RHP Luis Bejarano
Batting: RHB Eugene Bennett 0-0: Called Strike
0-1: Ground out 6-3 (Groundball, 6S)
Batting: LHB Kai-ge Choe 0-0: Fly out, F6 (Popup, 56)
Batting: RHB Joey Trifone 0-0: Ball
1-0: Called Strike
1-1: SINGLE (Groundball, 6MD)
Batting: RHB Jon Osterman 0-0: Called Strike
0-1: Fly out, F9 (Flyball, 89S)
Bottom of the 8th over - 0 runs, 1 hit, 0 errors, 1 left on base; Brooklyn 1 - Houston 3
TOP OF THE 9TH
Brooklyn Dodgers batting - Pitching for Houston 1837 BBC : RHP José Ledezma
Pitching: LHP Dorian Daly
Batting: LHB Jérôme Masson 0-0: Called Strike
0-1: Called Strike
0-2: Strikes out swinging
Batting: SHB Peer van Lochem 0-0: Ball
1-0: Ball
2-0: Called Strike
2-1: Swinging Strike
2-2: Strikes out swinging
Batting: LHB Avon Barksdale 0-0: Ball
1-0: Called Strike
1-1: Swinging Strike
1-2: Foul Ball, location: 2F
1-2: Ball
2-2: Strikes out swinging
Top of the 9th over - 0 runs, 0 hits, 0 errors, 0 left on base; Brooklyn 1 - Houston 3
Friday, March 29th, 2019 - OOTP Baseball 18.8 Build 76